Arrhythmia, chaotic female vampiric Convict }} } } 2 42 ..- --------------- ...| 5 |._)%+..0.....| -..| --@--------|--| ----.| 5@J%03|........| |.%.%| 3Cviq25|...^....| |.%0%| 4 2.R..@5|------|-| |.| |--%%| 25342523|.....|..| ..|.| |..%.| .313352|.....|..| .....-------.--.| ..31..2||--|--..| .............!-|.| ...3)3.|.|......| ......%------..| ------|.|......| =...<>..| |..% |>...-.|......| ......-- |.. --------------- ....-- ...| Arrhythmia the Fugitive Experience level: 30 Strength: 25 Dexterity: 22 Constitution: 20 Intelligence: 13 Wisdom: 18 Charisma: 8 Health: 444(501) Energy: 257(257) AC: -18 Gold: 2685 Moves: 71179 Your Inventory: Coins $ - 2685 gold pieces Armor d - an uncursed +5 chromatic dragon scale mail named It was like I was really being gangbanged (being worn) n - a cursed fireproof +0 pair of jumping boots (being worn) s - a blessed fireproof +3 small shield of brilliance (being worn) v - an uncursed greased rustproof +5 pair of gauntlets of power and dexterity (being worn) w - a blessed rustproof +4 helmet of speed (being worn) x - an uncursed thoroughly burnt +0 robe (being worn) Comestibles o - an uncursed Hot Futa Mare Dick named Luckiest charm Potions B - an [uncursed] potion of extra healing C - an [uncursed] potion of healing Rings k - an uncursed ring of slow digestion (on right hand) N - an uncursed ring of sustain ability (on left hand) S - an uncursed ring of protection from shape changers Wands h - an uncursed wand of digging (0:2) z - an [uncursed] wand of striking [0:1] Tools a - a blessed +0 unicorn horn of telepathy f - a blessed greased bag of holding named Portal to the elemental plane of TEETH i - the cursed Bell of Opening (0:0) m - a cursed skeleton key p - an uncursed magic lamp (lit) K - a cursed expensive camera (0:54) Q - a cursed stethoscope X - an uncursed towel Z - an uncursed bag of tricks named Empty [0:0] Gems u - a blessed luckstone Iron balls c - the blessed rustproof Iron Ball of Liberation (chained to you) (weapon in hand) Contents of the bag of holding named Portal to the elemental plane of TEETH: 12193 gold pieces the blessed rustproof +0 Luck Blade an uncursed clove of garlic an [uncursed] scroll called scare mon [of scare monster] an [uncursed] scroll of create monster a blessed scroll of identify 3 uncursed scrolls of magic mapping a cursed scroll of magic mapping a [blessed] scroll of magic mapping 9 blessed scrolls of teleportation 7 uncursed scrolls of teleportation 7 cursed scrolls of teleportation 2 blessed potions called acid [of acid] 5 blessed potions called water [of holy water] a cursed potion called water [of unholy water] 5 blessed potions of full healing 3 [uncursed] potions of full healing an [uncursed +1] bronze ring [of adornment] an uncursed wand of cold [0:7] an uncursed wand of death (0:5) an uncursed wand of death [0:5] an uncursed wand of death [0:6] an uncursed wand of death [0:7] an uncursed wand of death [0:6] an [uncursed] wand of death [0:3] a blessed wand of digging [0:3] an [uncursed] wand of digging [0:4] an [uncursed] wand of digging [0:8] an [uncursed] wand of digging [0:2] an [uncursed] wand of digging [0:3] an [uncursed] wand of digging [0:6] an uncursed wand of enlightenment [0:10] an uncursed wand of fire [0:7] an uncursed wand of fire [0:7] an uncursed wand of fire [0:1] an [uncursed] wand of fire [0:3] an uncursed wand of opening (0:4) an uncursed wand of probing (0:6) an [uncursed] wand of sleep [0:8] an [uncursed] wand of sleep [0:7] an [uncursed] wand of speed monster [0:7] an uncursed wand of striking [0:2] an uncursed wand of striking [0:3] an [uncursed] wand of striking [0:0] an [uncursed] wand of striking [0:0] an uncursed wand of teleportation (0:8) an uncursed wand of teleportation (0:8) a blessed wand of teleportation [0:3] an uncursed wand of teleportation [0:4] an uncursed wand of teleportation [0:7] an uncursed wand of teleportation [0:8] an uncursed wand of teleportation [0:4] an [uncursed] wand of teleportation [0:4] a cursed magic lamp Contents of the bag of tricks named Empty: a blessed scroll called remove curse [of remove curse] a blessed potion called water [of holy water] Spells known in the end: Name Level Category Fail Memory a - healing 1* healing 29% [........] b - detect monsters 1* divination 29% [........] c - create monster 2* clerical 29% [........] d - haste self 3* escape 33% [........] e - wizard lock 2* matter 29% [........] f - cure sickness 3* healing 33% [........] g - levitation 4* escape 92% [........] h - cure blindness 2* healing 29% [........] i - force bolt 1* attack 29% [........] j - teleport away 6* escape 100% [........] k - detect food 2* divination 29% [........] l - invisibility 4* escape 92% [........] m - slow monster 2* enchantment 29% [........] n - light 1* divination 29% [........] o - charm monster 3* enchantment 33% [........] p - sleep 1 enchantment 29% [||......] q - cancellation 7 matter 100% [||||||..] r - jumping 1 escape 29% [|||||||.] Your skills at the end: Fighting Skills body armor [Skilled / Skilled] shield [Basic / Basic] Weapon Skills flail [Expert / Expert] sling [Basic / Skilled] Spellcasting Skills Final Attributes: You had transgressed. Hunger level was 1456. Your alignment was -11249 / 365. Monster difficulty range was 7 - 37. Level difficulty was 45. You were immune to fire. You were immune to cold. You were immune to sleep. You were immune to disintegration. You were immune to electricity. You were immune to poison. You were immune to level-drain. You were immune to sickness. You were magic-protected. You were immune to acid. You were immune to petrification. You were punished. You saw invisible. You were telepathic. You were warned. You had automatic searching. You were invisible to others. You were displaced. You could jump. You could fly. You could survive without air. You had slower digestion. You regenerated. You were very fast. You had reflection. You had fixed abilities. You were extremely lucky (13). You had extra luck. Good luck did not time out for you. You are dead. Vanquished creatures: Asmodeus Baalzebub Dispater Geryon Orcus Yeenoghu Juiblex an arch-lich a mastodon Medusa 4 krakens Warden Arianna 13 iron golems a master lich a ki-rin 3 chromatic dragons 6 storm giants 2 titans a balrog 29 purple worms 7 wyverns 8 guivres 16 amphiteres 19 gold dragons 16 sarkanies 15 sirrushes 10 leviathans 13 tatzelworms 7 lindworms 18 drakens 11 minotaurs 23 jabberwocks 18 baluchitheria 2 demiliches 7 stone golems 14 master mind flayers 33 Olog-hai 2 Nazgul 8 pit fiends 3 sandestins 11 hell hounds 9 titanotheres 7 trappers 3 baby guivres 2 baby amphiteres a baby gold dragon 3 baby sarkanies 4 baby drakens 2 guardian nagas 4 disenchanters 36 vampire lords 6 skeletons 5 prison guards 6 shopkeepers 255 guards 2 aligned priests 14 captains 6 shades 5 lava demons 3 inmates 12 liches 2 water trolls a clay golem 6 nurses 10 ice devils a nalfeshnee 6 lurkers above 2 Aleaxes 3 frost giants 5 ettins 3 golden nagas 11 black puddings 33 vampires 5 lieutenants 2 watch captains 33 ghosts a queen bee 11 winged gargoyles 6 mind flayers 12 giant mimics 13 zruties 13 fire giants 6 ogre kings 9 ice trolls 26 rock trolls 15 umber hulks 2 flesh golems 13 Elvenkings 4 doppelgangers 10 hezrous 20 bone devils 10 large mimics 4 wumpuses 2 fire vortices a baby purple worm 19 long worms 12 couatls 19 stalkers 11 fire elementals 9 earth elementals 3 water elementals 3 hill giants 4 giant mummies 8 black nagas 13 xorns 53 giant zombies 26 elf-lords 12 sergeants 11 barbed devils 15 vrocks 3 salamanders 14 wargs 2 winter wolves 3 hell hound pups 20 small mimics 5 glass piercers 4 rodents of unusual size 9 warhorses 2 steam vortices 22 xans 9 ettin mummies 5 ogre lords 13 quantum mechanics 55 trolls 2 sasquatches a wood golem 3 erinyes 13 mariliths 3 sharks 3 electric eels 9 giant turtles 13 gelatinous cubes 2 pyrolisks 9 large dogs 7 freezing spheres 10 flaming spheres 8 shocking spheres a large cat 6 tigers 10 gargoyles a dwarf king 9 tengu 14 ochre jellies 17 leocrottas 7 energy vortices a mountain centaur 15 stone giants 5 elf mummies 7 human mummies 4 red nagas 11 green slimes 10 pit vipers 6 pythons 6 cobras 61 wraiths 16 carnivorous apes 39 ettin zombies 3 leather golems 6 Grey-elves 67 soldiers 4 watchmen 25 horned devils 10 succubi 5 incubi 6 chameleons 6 crocodiles 103 giant beetles 12 quivering blobs 20 cockatrices 15 wolves 4 winter wolf cubs 11 lynxes 3 panthers 72 gremlins 5 spotted jellies 18 leprechauns 6 orc-captains 4 iron piercers 5 mumakil 32 giant spiders 11 scorpions 7 horses 2 ice vortices 4 black lights 10 vampire bats 5 forest centaurs 5 gnome kings 8 orc mummies 4 dwarf mummies 8 ogres 15 brown puddings 8 rust monsters 25 owlbears 6 yetis 5 gold golems 4 werewolves 23 Green-elves a piranha 7 giant eels 14 lizards 8 chickatrices 8 dogs 4 dingos 7 housecats 7 jaguars 6 dwarf lords 5 blue jellies 7 white unicorns 5 gray unicorns 6 dust vortices 6 ravens 11 plains centaurs a Kop Kaptain 5 gnome mummies 14 snakes 7 water moccasins 17 apes 25 human zombies 7 rope golems 25 Woodland-elves 44 soldier ants 3 fire ants 4 snow ants a bugbear 11 imps 90 lemures 7 quasits 10 wood nymphs 6 water nymphs 14 mountain nymphs 36 Mordor orcs 3 Uruk-hai 2 orc shamans 14 rock piercers 8 enormous rats 12 rock moles 6 ponies 5 fog clouds 13 yellow lights 3 shriekers 8 violet fungi 20 gnome lords 8 gnomish wizards 2 Kop Lieutenants 8 kobold mummies a red naga hatchling 5 black naga hatchlings a guardian naga hatchling 8 gray oozes 3 barrow wights 21 elf zombies 22 ghouls a straw golem 10 paper golems a wax golem 6 jellyfish a baby crocodile 11 giant ants a little dog 6 floating eyes 4 kittens 22 dwarves 5 homunculi 2 kobold lords 2 kobold shamans 33 hill orcs 7 rothes 8 rabid rats 5 centipedes 4 giant bats 3 Kop Sergeants 26 orc zombies 10 dwarf zombies a miner 2 wererats 3 werejackals 14 iguanas 60 killer bees 8 acid blobs 6 coyotes 4 gas spores 13 hobbits 17 manes 4 large kobolds a hobgoblin 30 giant rats 4 cave spiders 2 brown molds 4 yellow molds 2 green molds 3 red molds 91 gnomes 95 Keystone Kops 8 garter snakes 20 gnome zombies 11 geckos 7 jackals 3 foxes 2 kobolds 5 goblins 15 sewer rats 12 grid bugs 13 lichens 17 kobold zombies 13 newts 3583 creatures vanquished. Genocided or extinct species: erinyes (extinct) 1 species extinct. Voluntary challenges: You went without food. You never hit with a wielded weapon. You read items or engraved 130 times. You put on armor 208 times. You never genocided any monsters. You never polymorphed an object. You never changed form. You used no wishes. You abstained from Elbereth's help. You never encountered a bones level. You never used any Sokoban shortcuts. Dungeon overview: The Dungeons of Doom: levels 1 to 27 Level 1 a fountain, a sink a long staircase Level 3 a potion shop Level 4 stairs to The Gnomish Mines Level 5 an armor shop, an altar to Tymora Level 8 (Succ In potentia) an altar, a sink Level 9 a fountain Level 10 stairs to Sokoban Level 11 (Succ) some fountains, many trees Level 12 an altar to Tymora, a fountain stairs to Town Level 14 (Succ) a sink Level 15 (Succ in potentia) a temple, a sink portal to The Quest Level 16 a general store Level 18 some fountains, many trees Level 19 many trees Level 20 a fountain Level 21 (Black market) some fountains portal to One-eyed Sam's Market Level 22 (Nurse) Level 23 some fountains, many trees Level 27 a magic chest, a fountain, many trees Gehennom: levels 28 to 48 Level 28 a temple, a magic chest stairs to The Dungeons of Doom Level 31 (Two-shotting jub-jub) a fountain Level 32 many fountains, a throne Level 37 stairs to The Dragon Caves Level 39 a throne Level 41 a fountain, a throne Level 45 <- You were here Level 46 portal to Gehennom Level 47 (Poor little green nymph) many trees Level 48 portal to Gehennom The Gnomish Mines: levels 5 to 12 Level 5 stairs to The Dungeons of Doom Level 6 (Magic trap) Level 7 (Magic trap) Level 8 many shops, a temple, a magic chest, some fountains, many trees Level 10 (Magic trap) Level 12 some fountains The Quest: levels 1 to 6 Level 1 (Succ in potentia) an altar to Tymora, a magic chest, a sink portal to The Dungeons of Doom Level 3 (Succ in potentia) a general store, a sink Level 6 (Please no demon lords this time k thx) Sokoban: Level 9 a magic chest stairs to The Dungeons of Doom Town: levels 10 to 11 Level 10 a fountain, a tree Level 11 stairs to The Dungeons of Doom One-eyed Sam's Market: Level 1 portal to The Dungeons of Doom The Dragon Caves: levels 38 to 41 Level 38 many trees stairs to Gehennom Level 39 a jewelry store, many trees Level 40 (STOP READING THE GODDAMN SCROLLS I SWEAR TO GOD ) many trees Level 41 many trees History has recorded: On T:1 you entered the Dungeons of Doom to retrieve the Amulet of Yendor! On T:606 you reached level 2 of The Dungeons of Doom. On T:703 you advanced to experience level 2. On T:957 you reached level 3 of The Dungeons of Doom. On T:1011 you advanced to experience level 3. On T:1116 you advanced to experience level 4. On T:1341 you advanced to experience level 5. On T:1345 you reached level 4 of The Dungeons of Doom. On T:1744 you reached level 1 of The Gnomish Mines. On T:1781 you advanced to experience level 6. On T:1922 you reached level 2 of The Gnomish Mines. On T:1948 you advanced to experience level 7. On T:2158 you reached level 3 of The Gnomish Mines. On T:2310 you reached level 5 of The Dungeons of Doom. On T:2804 you advanced to experience level 8. On T:3039 you reached level 6 of The Dungeons of Doom. On T:3366 you reached level 7 of The Dungeons of Doom. On T:3522 you reached level 8 of The Dungeons of Doom. On T:4255 you reached level 9 of The Dungeons of Doom. On T:4406 you reached level 10 of The Dungeons of Doom. On T:4417 you reached level 3 of Sokoban. On T:4439 you advanced to experience level 9. On T:4565 you reached level 11 of The Dungeons of Doom. On T:5295 you received Luck Blade from Tymora. On T:5671 you received a rustproof flail of reflection from Tymora. On T:6254 you reached level 12 of The Dungeons of Doom. On T:6322 you reached level 13 of The Dungeons of Doom. On T:6386 you reached level 14 of The Dungeons of Doom. On T:6502 you advanced to experience level 10. On T:6713 you reached level 15 of The Dungeons of Doom. On T:7600 you reached level 16 of The Dungeons of Doom. On T:7937 you reached level 1 of The Quest. On T:8051 you advanced to experience level 11. On T:8493 you embarked upon an epic quest. On T:8934 you received a fireproof sling of telepathy from Tymora. On T:9540 you received Stormbringer from Tymora. On T:10668 you reached level 2 of The Quest. On T:10945 you reached level 3 of The Quest. On T:11959 you advanced to experience level 12. On T:12115 you reached level 4 of The Quest. On T:12268 you reached level 5 of The Quest. On T:12299 you reached level 6 of The Quest. On T:12370 you killed Warden Arianna on level 6 of The Quest. On T:13325 you completed the quest! On T:13986 you reached level 3 of Town. On T:14082 you reached level 2 of Town. On T:15954 you reached level 17 of The Dungeons of Doom. On T:16065 you reached level 18 of The Dungeons of Doom. On T:16205 you advanced to experience level 13. On T:16337 you reached level 19 of The Dungeons of Doom. On T:16613 you reached level 20 of The Dungeons of Doom. On T:16804 you reached level 21 of The Dungeons of Doom. On T:16854 you reached level 1 of One-eyed Sam's Market. On T:17337 you reached level 22 of The Dungeons of Doom. On T:17631 you reached level 23 of The Dungeons of Doom. On T:17741 you killed Medusa on level 23 of The Dungeons of Doom. On T:17835 you reached level 24 of The Dungeons of Doom. On T:18165 you reached level 25 of The Dungeons of Doom. On T:18241 you lost a bag of holding in a magical explosion. On T:19958 you reached level 4 of The Gnomish Mines. On T:20502 you reached level 5 of The Gnomish Mines. On T:20573 you reached level 6 of The Gnomish Mines. On T:20590 you reached level 7 of The Gnomish Mines. On T:20637 you reached level 8 of The Gnomish Mines. On T:26801 you advanced to experience level 14. On T:26825 you reached level 26 of The Dungeons of Doom. On T:27102 you reached The Castle. On T:27751 you advanced to experience level 15. On T:28049 you reached The Valley of the Dead. On T:28876 you reached level 2 of Gehennom. On T:40658 you advanced to experience level 16. On T:40658 you advanced to experience level 17. On T:40659 you advanced to experience level 18. On T:40660 you advanced to experience level 19. On T:40660 you advanced to experience level 20. On T:44643 you advanced to experience level 21. On T:44643 you advanced to experience level 22. On T:53164 you advanced to experience level 23. On T:53165 you advanced to experience level 24. On T:53166 you advanced to experience level 25. On T:53223 you advanced to experience level 26. On T:53224 you advanced to experience level 27. On T:54795 you reached level 3 of Gehennom. On T:55129 you reached level 4 of Gehennom. On T:55138 you killed Juiblex on level 4 of Gehennom. On T:55343 you reached level 5 of Gehennom. On T:56136 you reached level 6 of Gehennom. On T:56686 you killed Baalzebub on level 6 of Gehennom. On T:56693 you reached level 7 of Gehennom. On T:57636 you killed Yeenoghu on level 6 of Gehennom. On T:57766 you reached level 8 of Gehennom. On T:58012 you reached level 9 of Gehennom. On T:58343 you reached level 10 of Gehennom. On T:58534 you reached level 1 of The Dragon Caves. On T:58983 you reached level 2 of The Dragon Caves. On T:59261 you advanced to experience level 28. On T:59694 you reached level 3 of The Dragon Caves. On T:60164 you advanced to experience level 29. On T:61847 you reached level 4 of The Dragon Caves. On T:62818 you advanced to experience level 30. On T:63620 you killed Asmodeus on level 4 of Gehennom. On T:68346 you reached level 11 of Gehennom. On T:68480 you reached level 12 of Gehennom. On T:68777 you reached level 13 of Gehennom. On T:68860 you reached level 14 of Gehennom. On T:68942 you killed Orcus on level 14 of Gehennom. On T:69263 you reached level 15 of Gehennom. On T:69329 you reached level 16 of Gehennom. On T:69374 you killed Dispater on level 15 of Gehennom. On T:69551 you reached level 17 of Gehennom. On T:70113 you reached level 18 of Gehennom. On T:70117 you reached level 19 of Gehennom. On T:70400 you reached level 20 of Gehennom. On T:70426 you killed Geryon on level 20 of Gehennom. On T:70494 you reached level 21 of Gehennom. Latest messages: The vorpal jabberwock bites! (2x) The vorpal jabberwock hits! (2x) It is hit! The quasit strikes at thin air! The quasit attacks a spot beside you. The quasit snaps wildly and misses! The mountain centaur shoots a crossbow bolt! The crossbow bolt misses the vorpal jabberwock. You are almost hit by a crossbow bolt. The elf-lord strikes at your invisible displaced image and misses you! (2x) The shocking sphere explodes! You seem unaffected by it. [HP-40=461] You hit the vorpal jabberwock! You bite the vorpal jabberwock. [HP+1=462] You hit the vorpal jabberwock! You bite the vorpal jabberwock. The vorpal jabberwock bites! (2x) The vorpal jabberwock beheads you! You die... Final status: Goodbye Arrhythmia the Convict... You died in Gehennom on dungeon level 45 with 115677 points, and 14878 pieces of gold, after 71179 moves. You were level 30 with a maximum of 501 hit points when you died.